 Dungeon Crawl Stone Soup version 0.26.1-11-gd32895ea62 (webtiles) character file.

Game seed: 715330582963027434

63 Glamhuggeren the Firebug (level 3, -1/24 HPs)
             Began as a Demonspawn Fire Elementalist on June 18, 2021.
             Slain by a worm (9 damage)
             ... on level 2 of the Dungeon.
             The game lasted 00:06:07 (1672 turns).

Glamhuggeren the Firebug (DsFE)                     Turns: 1672, Time: 00:06:08

Health: -1/24      AC:  2    Str:  8    XL:     3   Next: 89%
Magic:  0/6        EV: 12    Int: 17    God:
Gold:   55         SH:  4    Dex: 13    Spells: 2/6 levels left

rFire    . . .     SeeInvis .   i - +0 dagger
rCold    . . .     Faith    .   (no shield)
rNeg     . . .     Spirit   +   a - +0 robe
rPois    .         Reflect  .   (no helmet)
rElec    .         Harm     .   (no cloak)
rCorr    .         Rampage  .   (no gloves)
Will     .....                  (no boots)
Stlth    ++........             (no amulet)
HPRegen  0.08/turn              (no ring)
MPRegen  0.10/turn              (no ring)

@: no status effects
A: large bone plates 1, magic shield
a: no special abilities


You were on level 2 of the Dungeon.
You visited 1 branch of the dungeon, and saw 2 of its levels.

You collected 55 gold pieces.

Inventory:

Hand Weapons
 i - a +0 dagger (weapon)
Missiles
 f - 47 stones
 n - 5 javelins
 p - 21 sling bullets
Armour
 a - a +0 robe (worn)
Scrolls
 b - 3 scrolls of identify {unknown}
 c - a scroll of fog {unknown}
 g - 2 scrolls of teleportation {unknown}
 k - a scroll of amnesia {unknown}
 l - a scroll of remove curse {unknown}
 m - 3 scrolls of enchant weapon {unknown}
 o - a scroll of blinking {unknown}
Potions
 d - a potion of mutation {unknown}
 e - a potion of flight {unknown}
 h - a potion of attraction {unknown}
 j - 2 potions of might {unknown}


   Skills:
 - Level 2.0 Dodging
 * Level 2.9 Stealth
 + Level 2.4 Spellcasting
 + Level 1.8 Conjurations
 + Level 3.0 Fire Magic


You had 2 spell levels left.
You knew the following spells:

 Your Spells              Type           Power        Failure   Level
a - Foxfire               Conj/Fire      40%          7%          1
b - Conjure Flame         Conj/Fire      10%          21%         3

Your spell library contained the following spells:

 Spells                   Type           Power        Failure   Level
 Inner Flame              Hex/Fire       7%           30%         3
 Sticky Flame             Conj/Fire      10%          56%         4
 Fireball                 Conj/Fire      5%           88%         5


Dungeon Overview and Level Annotations

Branches:
Dungeon (2/15)

Altars:


Innate Abilities, Weirdness & Mutations

You are partially covered in large bone plates. (SH +4)
When hurt, damage is shared between your health and your magic reserves.


Message History

You kill the adder!
Casting: Foxfire (safe; 7% risk of failure)
Press: ? - help, Q - select action, (/) - cycle Dir - look around, f - activate You conjure some foxfire!
You hit the worm.
The worm is heavily wounded.
The foxfire hits the worm.
The worm is severely wounded.
The foxfire hits the worm.
The worm is severely wounded.
The worm closely misses you.
You hit the worm but do no damage.
The worm is severely wounded.
You hit the worm but do no damage.
The worm is severely wounded.
The worm bites you!
You hit the worm but do no damage.
The worm is severely wounded.
The worm bites you!
You die...

##.# #..#
##.## #..#
#.## ##.##
# #...####
.#
#......##.#
#...##@w..#
#...###...#
#####
#.#......
#.. ..###
#... .#
#.... ..
#..... ..
#.....# .
#.#####


You could see a worm.

Vanquished Creatures
  2 adders (D:2)
  A worm (D:2)
  3 dart slugs
  2 leopard geckos (D:1)
  8 bats
  A giant cockroach (D:1)
  3 goblins (D:1)
  2 hobgoblins (D:1)
  2 jackals (D:1)
  4 kobolds
  A quokka (D:2)
  3 frilled lizards
  5 rats
37 creatures vanquished.

Vanquished Creatures (others)
  81 foxfires
  5 toadstools (D:1)
86 creatures vanquished.

Grand Total: 123 creatures vanquished

Notes
Turn   | Place    | Note
-------+----------+-------------------------------------------
     0 | D:1      | Glamhuggeren the Demonspawn Fire Elementalist began the
                  | quest for the Orb.
     0 | D:1      | Reached XP level 1. HP: 13/13 MP: 3/3
   130 | D:1      | Gained mutation: You are partially covered in large bone
                  | plates. (SH +4) [demonic ancestry]
   130 | D:1      | Reached XP level 2. HP: 7/19 MP: 3/5
   425 | D:1      | You fall into a shaft and drop 1 floor!
   690 | D:1      | Gained mutation: When hurt, damage is shared between your
                  | health and your magic reserves. [demonic ancestry]
   690 | D:1      | Reached XP level 3. HP: 19/24 MP: 2/6
  1369 | D:2      | Learned a level 3 spell: Conjure Flame
  1560 | D:2      | Reached skill level 3 in Fire Magic
  1672 | D:2      | Slain by a worm

Illustrated notes

Levels and vault maps discovered:
D:1:      ldierk_walled_garden, layout_basic
D:2:      layout_rooms, dk_noncrumbling_4

Skill      XL: |  1  2  3 |
---------------+----------+-----
Stealth        | 2 |  2.9
Dodging        | 2 |  2.0
Fire Magic     | 3 |  3.0
Spellcasting   | |  2.4
Conjurations   | |  1.8

Action                   || total
-------------------------++-------
Melee: Unarmed           ||    29
       Dagger            ||    43
 Cast: Foxfire           ||    48
 Stab: Sleeping          ||     3
Armor: Robe              ||    19
Dodge: Dodged            ||    54
Block: Other             ||    15
